 Dungeon Crawl Stone Soup version 0.20.1-1-g8b1a95d (webtiles) character file.

5534 kae the Spear-Bearer (level 10, -20/65 HPs)
             Began as a Gargoyle Fighter on Sept 23, 2017.
             Was a Believer of Makhleb.
             Demolished by a titanic slime creature (85 damage)
             ... on level 9 of the Dungeon.
             The game lasted 00:11:17 (6974 turns).

kae the Spear-Bearer (Gargoyle Fighter)             Turns: 6974, Time: 00:11:17

Health: -20/65     AC: 20    Str: 22    XL:     10   Next: 71%
Magic:  13/13      EV:  7    Int: 10    God:    Makhleb [**....]
Gold:   434        SH:  9    Dex:  9    Spells: 9/9 levels left

rFire    . . .     SeeInvis .   a - +1 trident
rCold    . . .     Gourm    .   c - +0 shield
rNeg     + . .     Faith    .   b - +1 scale mail
rPois    ∞         Spirit   .   (no helmet)
rElec    +         Reflect  .   n - +0 cloak
rCorr    +         Harm     .   (no gloves)
MR       .....                  H - +1 pair of boots
Stlth    +.........             u - amulet of regeneration
Regen    0.6/turn               y - ring of stealth
MPRegen  0.2/turn               J - ring of resist corrosion

@: no status effects
A: negative energy resistance 1, electricity resistance, unbreathing,
petrification resistance, rot immunity, AC +7
a: Minor Destruction, Renounce Religion


You were on level 9 of the Dungeon.
You worshipped Makhleb.
Makhleb was pleased with you.
You were not hungry.

You visited 2 branches of the dungeon, and saw 10 of its levels.

You collected 434 gold pieces.

Inventory:

Hand Weapons
 a - a +1 trident (weapon)
 i - a +0 scythe
Armour
 b - a +1 scale mail (worn)
 c - a +0 shield (worn)
 n - a +0 cloak (worn)
 H - a +1 pair of boots (worn)
Jewellery
 u - an amulet of regeneration (around neck)
 y - a ring of stealth (left hand)
 J - a ring of resist corrosion (right hand)
Wands
 h - a wand of disintegration (13/24)
 p - a wand of acid (10/15)
 G - a wand of flame (27/48)
 I - a wand of lightning (3/15)
Scrolls
 k - 2 scrolls of amnesia
 l - 3 scrolls of blinking
 r - a scroll of enchant weapon
 w - 5 scrolls of remove curse
 x - a scroll of enchant armour
 B - 2 scrolls of recharging
 F - a scroll of vulnerability {unknown}
 K - a scroll of summoning {unknown}
Potions
 d - a potion of might
 e - a potion of cancellation
 g - 6 potions of curing
 j - a potion of brilliance
 o - 2 potions of flight
 q - 2 potions of resistance
 t - 3 potions of heal wounds
 C - a potion of mutation
 E - a potion of haste
Books
 v - a book of Misfortune

   Spells                             Type                      Level
   a - Confusing Touch                Hexes                        1
   b - Confuse                        Hexes                        3
   c - Gell's Gravitas                Translocation                3
   d - Petrify                        Transmutation/Earth          4
   e - Metabolic Englaciation         Hexes/Ice                    5
   f - Yara's Violent Unravelling     Hexes/Transmutation          5
 z - a book of Necromancy

   Spells                             Type                      Level
   a - Pain                           Necromancy                   1
   b - Animate Skeleton               Necromancy                   1
   c - Vampiric Draining              Necromancy                   3
   d - Regeneration                   Charms/Necromancy            3
   e - Animate Dead                   Necromancy                   4
   f - Control Undead                 Necromancy                   4
Comestibles
 f - 7 bread rations
 m - 5 royal jellies
 s - 10 fruits
 A - 4 meat rations
 D - 6 chunks of flesh


   Skills:
 + Level 8.9 Fighting
 * Level 10.0 Polearms
 + Level 8.8 Armour
 - Level 3.2 Shields
 + Level 4.5 Invocations


You had 9 spell levels left.
You didn't know any spells.

Dungeon Overview and Level Annotations

Branches:
Dungeon (9/15)             Temple (1/1) D:4            Lair (0/6) D:8
    Orc: D:9-12

Altars:
Ashenzari
Cheibriados
Dithmenos
Elyvilon
Fedhas
Gozag
Hepliaklqana
Kikubaaqudgha
Makhleb
Nemelex Xobeh
Okawaru
Qazlal
Ru
Sif Muna
Trog
Uskayaw
Vehumet
Xom
Yredelemnul
Zin
The Shining One

Shops:
D:9 [


Innate Abilities, Weirdness & Mutations

You are resistant to torment.
Your stone body is resilient. (AC +7)
You are immune to poison.
You resist negative energy. (rN+)
You are resistant to electric shocks. (rElec)
You can survive without breathing.
You are immune to petrification.
You are immune to rotting.


Message History

a mace; a howler monkey corpse An enormous slime creature splits.
Things that are here:
a club; an orc corpse A large slime creature splits. x2
Your shield and scale mail prevent you from hitting the slime creature.
Two slime creatures merge to form a very large slime creature.
You puncture the very large slime creature!
The very large slime creature is lightly wounded.
Two slime creatures merge to form an enormous slime creature.
Two slime creatures merge to form a titanic slime creature.
The slime creature hits you but does no damage.
You puncture the slime creature!
The slime creature is lightly wounded.
The slime creature hits you but does no damage.
You completely miss the slime creature.
The slime creature is lightly wounded.
The titanic slime creature hits you!!!!
Ouch! That really hurt!
You die...

.....##.##....####......#####***,
................<#...........,,,,
.........#######÷............,,,,
#........########............,,,,
........∩....................,,,,
.....#..#....................,,,,
*#..#..###.[....###..........,,,,
#....<....####.####.........,,,,
##.#......#####J@# #.........,,,,
...#...##..).###J###.#.......,,,*
#..##..#####..))...#.#.#.####****
...#...## #####....)....##*** *
.#.#....# ###..........,****
.#......# ###..........,,,*,
#....###########....#.##....,,,,,
#.....................##.#..,,,,,
...#[##.....................,,,,,


You could see a titanic slime creature and a slime creature.

Vanquished Creatures
  A deep elf mage (D:6)
  The ghost of Ymberti the Magician, a novice DEFE of Vehumet (D:8)
  Joseph (D:8)
  Psyche (D:8)
  A troll (D:9)
  Sigmund (D:5)
  Eustachio (D:5)
  Duvessa (D:5)
  4 orc warriors
  3 sky beasts
  3 ice beasts
  7 ogres
  A centaur (D:9)
  2 bullfrogs (D:6)
  Blork the orc (D:5)
  Dowan (D:5)
  A scorpion (D:9)
  7 howler monkeys
  2 crimson imps
  2 quasits
  5 orc wizards
  A centaur zombie (D:6)
  5 orc priests
  6 hounds
  3 jellies
  A bullfrog skeleton (D:5)
  A centaur skeleton (D:6)
  An iguana (D:4)
  9 worker ants
  A hound zombie (D:8)
  A hound skeleton (D:7)
  A howler monkey zombie (D:7)
  A worker ant zombie (D:6)
  10 adders
  11 gnolls
  2 shadow imps
  An ooze (D:1)
  2 adder zombies (D:5)
  3 worms
  4 dart slugs
  6 leopard geckos
  40 orcs
  7 giant cockroaches
  14 hobgoblins
  9 jackals
  A quokka (D:9)
  A ball python (D:6)
  5 bats
  3 frilled lizards
  8 goblins
  10 kobolds
  2 leopard gecko skeletons
  A leopard gecko zombie (D:8)
  2 rats
220 creatures vanquished.

Notes
Turn   | Place    | Note
-------+----------+-------------------------------------------
     0 | D:1      | kae the Gargoyle Fighter began the quest for the Orb.
     0 | D:1      | Reached XP level 1. HP: 14/14 MP: 1/1
   131 | D:1      | Reached skill level 2 in Polearms
   165 | D:1      | Reached XP level 2. HP: 19/19 MP: 2/2
   721 | D:2      | Reached XP level 3. HP: 17/23 MP: 3/3
  1212 | D:3      | Reached skill level 3 in Polearms
  1240 | D:3      | Reached XP level 4. HP: 26/29 MP: 4/4
  1738 | D:3      | Reached XP level 5. HP: 33/33 MP: 5/5
  2162 | D:4      | Reached skill level 4 in Polearms
  2221 | D:4      | Noticed an ogre
  2228 | D:4      | Killed an ogre
  2228 | D:4      | Reached XP level 6. HP: 19/39 MP: 6/6
  2737 | D:4      | Found a staircase to the Ecumenical Temple.
  2786 | Temple   | Entered the Ecumenical Temple
  2932 | D:5      | Entered Level 5 of the Dungeon
  2941 | D:5      | Reached skill level 5 in Fighting
  2941 | D:5      | Reached skill level 5 in Armour
  2941 | D:5      | Reached XP level 7. HP: 44/44 MP: 7/7
  3046 | D:5      | Reached skill level 5 in Polearms
  3113 | D:5      | Noticed Sigmund
  3127 | D:5      | Killed Sigmund
  3212 | D:5      | Noticed Blork the orc
  3223 | D:5      | Killed Blork the orc
  3298 | D:5      | Reached XP level 8. HP: 37/51 MP: 8/8
  3347 | D:5      | Reached skill level 6 in Polearms
  3476 | D:5      | Noticed Eustachio
  3575 | D:5      | Killed Eustachio
  3594 | D:5      | Noticed Duvessa
  3594 | D:5      | Noticed Dowan
  3908 | D:5      | Killed Duvessa
  3908 | D:5      | Reached skill level 7 in Polearms
  3918 | D:5      | Killed Dowan
  4186 | D:5      | Reached XP level 9. HP: 56/56 MP: 9/9
  4753 | D:6      | Reached skill level 8 in Polearms
  4810 | D:6      | Found a shattered altar of Ashenzari.
  5023 | D:6      | Found a burning altar of Makhleb.
  5023 | D:6      | Found an ancient bone altar of Kikubaaqudgha.
  5041 | D:6      | Noticed a deep elf mage
  5056 | D:6      | Killed a deep elf mage
  5113 | D:6      | Became a worshipper of Makhleb the Destroyer
  5176 | D:6      | Found a snail-covered altar of Cheibriados.
  5381 | D:7      | Reached skill level 1 in Invocations
  5605 | D:7      | Reached skill level 9 in Polearms
  5682 | D:7      | Reached XP level 10. HP: 64/64 MP: 11/11
  6008 | D:8      | Reached * piety under Makhleb
  6123 | D:8      | Found a white marble altar of Elyvilon.
  6253 | D:8      | Found a blossoming altar of Fedhas.
  6265 | D:8      | Noticed Psyche
  6274 | D:8      | Paralysed by Psyche for 7 turns
  6283 | D:8      | Killed Psyche
  6338 | D:8      | Noticed Joseph
  6362 | D:8      | Killed Joseph
  6454 | D:8      | Found a shimmering altar of Xom.
  6455 | D:8      | Found a hazy altar of Hepliaklqana.
  6456 | D:8      | Noticed a spectral ugly thing
  6479 | D:8      | Noticed Ymberti's ghost (novice DEFE)
  6507 | D:8      | Killed Ymberti's ghost
  6583 | D:8      | Found a staircase to the Lair.
  6602 | D:8      | Found an iron altar of Okawaru.
  6603 | D:8      | Found a bloodstained altar of Trog.
  6603 | D:8      | Found a shadowy altar of Dithmenos.
  6604 | D:8      | Found a sparkling altar of Nemelex Xobeh.
  6792 | D:9      | Reached ** piety under Makhleb
  6805 | D:9      | Reached skill level 10 in Polearms
  6838 | D:9      | Found Viciesch's Armour Boutique.
  6974 | D:9      | Demolished by a titanic slime creature

Skill      XL: |  1  2  3  4  5  6  7  8  9 10 |
---------------+-------------------------------+-----
Polearms       | 2 3 4 5 7 9 10 | 10.0
Fighting       | 4 5 6 8 |  8.9
Armour         | 4 5 6 7 8 |  8.8
Invocations    | 2 4 |  4.5
Shields        | |  3.2

Action                   |  1- 3 |  4- 6 |  7- 9 | 10-12 || total
-------------------------+-------+-------+-------+-------++-------
Melee: Trident           |   143 |   164 |   635 |   323 ||  1265
Evoke: Wand              |       |     1 |     1 |       ||     2
  Use: Scroll            |       |    17 |     4 |     2 ||    23
       Potion            |       |       |       |     1 ||     1
  Eat: Chunk             |     1 |     6 |    10 |     5 ||    22
Armor: Scale mail        |    70 |    65 |   262 |   188 ||   585
Dodge: Dodged            |    46 |    31 |   127 |    82 ||   286
Block: Shield            |    68 |    67 |   212 |   140 ||   487
